 Dungeon Crawl Stone Soup version 0.21-a0-531-gacddea6 (webtiles) character file.

685 Amnesiac the Vexing (level 7, -2/40 HPs)
             Began as a Deep Elf Arcane Marksman on Dec 12, 2017.
             Was a Follower of Okawaru.
             Killed from afar by Blork the orc (9 damage)
             ... with a puff of frost
             ... on level 5 of the Dungeon.
             The game lasted 00:10:12 (5646 turns).

Amnesiac the Vexing (Deep Elf Arcane Marksman)      Turns: 5646, Time: 00:10:13

Health: -2/40      AC:  5    Str:  9    XL:     7   Next: 35%
Magic:  11/15      EV: 14    Int: 18    God:    Okawaru [*.....]
Gold:   255        SH:  0    Dex: 15    Spells: 4/14 levels left

rFire    . . .     SeeInvis .   a - +0 shortbow
rCold    . . .     Gourm    .   (shield currently unavailable)
rNeg     . . .     Faith    .   e - +0 robe
rPois    .         Spirit   .   (no helmet)
rElec    .         Reflect  .   t - scarf {repulsion}
rCorr    .         Harm     .   (no gloves)
MR       .....                  i - +0 pair of boots
Stlth    +.........             (no amulet)
HPRegen  0.13/turn              r - +2 ring of protection
MPRegen  0.14/turn              (no ring)

@: repel missiles
A: no striking features
a: Heroism, Renounce Religion


You were on level 5 of the Dungeon.
You worshipped Okawaru.
Okawaru was aware of your devotion.
You were not hungry.

You visited 1 branch of the dungeon, and saw 5 of its levels.

You collected 255 gold pieces.

Inventory:

Hand Weapons
 a - a +0 shortbow (weapon)
 b - a +0 hunting sling
 w - a +0 blowgun
Missiles
 d - 25 arrows (quivered)
 q - 195 stones
 v - 7 poisoned needles
 z - 55 sling bullets
Armour
 e - a +0 robe (worn)
 i - a +0 pair of boots (worn)
 t - a scarf of repulsion (worn)
Jewellery
 r - a +2 ring of protection (left hand)
Wands
 A - a wand of polymorph (4)
Scrolls
 g - 5 scrolls of teleportation {!r}
 u - a scroll of fog {!r}
 x - a scroll of magic mapping {!r, unknown}
 G - a scroll of enchant weapon {!r, unknown}
Potions
 j - a potion of magic {!q, unknown}
 k - a potion of heal wounds {!q}
 l - a potion of resistance {!q, unknown}
 m - 2 potions of brilliance {!q, unknown}
 o - 2 potions of flight {!q}
 p - a potion of ambrosia {!q, unknown}
 s - 3 potions of might {!q, unknown}
 B - 2 potions of curing {!q, unknown}
 E - a potion of mutation {!q, unknown}
 F - 2 potions of haste {!q}
Books
 c - a book of Debilitation

   Spells                             Type                      Level
   a - Corona                         Hexes                        1
   b - Slow                           Hexes                        2
   c - Inner Flame                    Hexes/Fire                   3
   d - Portal Projectile              Hexes/Translocation          3
   e - Cause Fear                     Hexes                        4
   f - Leda's Liquefaction            Hexes/Earth                  4
Comestibles
 f - 4 bread rations
 h - 2 royal jellies
 n - 2 chunks of flesh
 D - a meat ration


   Skills:
 + Level 2.4 Fighting
 * Level 5.2 Bows
 + Level 4.1 Dodging
 + Level 4.1 Spellcasting
 * Level 7.0 Hexes


You had 4 spell levels left.
You knew the following spells:

 Your Spells              Type           Power        Failure   Level  Hunger
a - Corona                Hex            ####...      1%          1    None
b - Cause Fear            Hex            ####......   8%          4    ####...
c - Portal Projectile     Hex/Tloc       ###...       10%         3    ###....
e - Slow                  Hex            ####....     1%          2    ##.....


Dungeon Overview and Level Annotations

Branches:
Dungeon (5/15)
 Temple: D:4-7

Altars:
Elyvilon
Nemelex Xobeh
Okawaru
Sif Muna
Zin

Shops:
D:3 *

Annotations:
D:3 exclusion: orc wizard, Grinder
D:5 Blork the orc


Message History

Aim: Blork the orc, wielding a hand axe of electrocution and wearing an embroidered robe (lightly wounded, softly glowing, unusually agile)
You shoot an arrow. The arrow closely misses Blork the orc.
Blork the orc barely misses you.
Firing (i - inventory. (,) - cycle):
d - 26 arrows (quivered)
Press: ? - help, Shift-Dir - straight line, f/p - Blork the orc
Aim: Blork the orc, wielding a hand axe of electrocution and wearing an embroidered robe (lightly wounded, softly glowing, unusually agile)
You shoot an arrow. The arrow closely misses Blork the orc.
Blork the orc hits you with a hand axe of electrocution!
You are electrocuted!
Evoke which item? (* to show all) (? for menu, Esc to quit)
Aiming: Polymorph
Press: ? - help, Shift-Dir - straight line, f/p - Blork the orc
Aim: Blork the orc, wielding a hand axe of electrocution and wearing an embroidered robe (lightly wounded, softly glowing, unusually agile, chance to defeat MR: 46%) Blork the orc resists with almost no effort.
Blork the orc closely misses you.
Evoke which item? (* to show all) (? for menu, Esc to quit)
Aiming: Polymorph
Press: ? - help, Shift-Dir - straight line, f/p - Blork the orc
Aim: Blork the orc, wielding a hand axe of electrocution and wearing an embroidered robe (lightly wounded, softly glowing, unusually agile, chance to defeat MR: 46%) Blork the orc resists with almost no effort.
Blork the orc hits you with a hand axe of electrocution.
* * * LOW HITPOINT WARNING * * *
Evoke which item? (* to show all) (? for menu, Esc to quit)
Aiming: Polymorph
Press: ? - help, Shift-Dir - straight line, f/p - Blork the orc
Aim: Blork the orc, wielding a hand axe of electrocution and wearing an embroidered robe (lightly wounded, softly glowing, unusually agile, chance to defeat MR: 46%) Blork the orc resists with almost no effort.
Blork the orc stops glowing.
Blork the orc misses you.
Evoke which item? (* to show all) (? for menu, Esc to quit)
Aiming: Polymorph
Press: ? - help, Shift-Dir - straight line, f/p - Blork the orc
Aim: Blork the orc, wielding a hand axe of electrocution and wearing an embroidered robe (lightly wounded, unusually agile, chance to defeat MR: 46%) Blork the orc resists with almost no effort.
Blork the orc closely misses you.
Evoke which item? (* to show all) (? for menu, Esc to quit)
Aiming: Polymorph
Press: ? - help, Shift-Dir - straight line, f/p - Blork the orc
Aim: Blork the orc, wielding a hand axe of electrocution and wearing an embroidered robe (lightly wounded, unusually agile, chance to defeat MR: 46%) Blork the orc resists with almost no effort.
Blork the orc hits you with a hand axe of electrocution.
* * * LOW HITPOINT WARNING * * *
Evoke which item? (* to show all) (? for menu, Esc to quit)
Aiming: Polymorph
Press: ? - help, Shift-Dir - straight line, f/p - Blork the orc
Aim: Blork the orc, wielding a hand axe of electrocution and wearing an embroidered robe (lightly wounded, unusually agile, chance to defeat MR: 46%) Blork the orc resists with almost no effort.
Blork the orc gestures at you while chanting.
The puff of frost hits you!
* * * LOW HITPOINT WARNING * * *
Evoke which item? (* to show all) (? for menu, Esc to quit)
Aiming: Polymorph
Press: ? - help, Shift-Dir - straight line, f/p - Blork the orc
Aim: Blork the orc, wielding a hand axe of electrocution and wearing an embroidered robe (lightly wounded, unusually agile, chance to defeat MR: 46%) Blork the orc resists with almost no effort.
Blork the orc barely misses you.
Blork the orc looks encouraged for a moment.
Blork the orc casts a spell.
Blork the orc seems to speed up.
Blork the orc gestures at you while chanting.
The puff of frost misses you.
Blork the orc screams, "I'll break your legs!"
Blork the orc gestures at you while chanting.
The puff of frost hits you!
You die...

#.......# ##+## #.#
#.......# #.# #[#
#.......# #.## #.#
#....[..# ##..## #.#
#.......###....## #.#
#^......##..^...###.#
##.....#.........##.#
#.......##>....###.#
#.....#####@......)#
##...## #..#######
##### #.## #.# #o#
#.# #.# #.#
#.....(...#


You could see Blork the orc.

Vanquished Creatures
  An ice beast (D:5)
  A scorpion (D:4)
  A howler monkey (D:4)
  A quasit (D:5)
  A jelly (D:5)
  An orc priest (D:4)
  2 hounds (D:5)
  5 orc wizards (D:4)
  A centaur skeleton (D:5)
  Terence (D:3)
  A hound skeleton (D:5)
  4 adders
  A shadow imp (D:5)
  2 oozes
  An adder zombie (D:5)
  5 worms
  3 dart slugs
  5 leopard geckos
  9 orcs
  7 bats
  3 giant cockroaches
  7 hobgoblins
  4 jackals (D:1)
  A quokka (D:2)
  3 frilled lizards
  6 goblins
  8 kobolds
  A quokka skeleton (D:5)
  10 rats
96 creatures vanquished.

Notes
Turn   | Place    | Note
-------+----------+-------------------------------------------
     0 | D:1      | Amnesiac the Deep Elf Arcane Marksman began the quest for the Orb.
     0 | D:1      | Reached XP level 1. HP: 11/11 MP: 5/5
   220 | D:1      | Reached skill level 1 in Fighting
   224 | D:1      | Reached XP level 2. HP: 16/16 MP: 3/6
   228 | D:1      | Learned a level 2 spell: Slow
   900 | D:1      | Reached XP level 3. HP: 17/20 MP: 4/7
  1147 | D:2      | Found a sparkling altar of Nemelex Xobeh.
  1399 | D:2      | Found a white marble altar of Elyvilon.
  1723 | D:2      | Found a deep blue altar of Sif Muna.
  1783 | D:2      | Reached XP level 4. HP: 16/25 MP: 4/9
  1916 | D:2      | Reached skill level 5 in Hexes
  2700 | D:3      | Found Zin's Purification Station.
  2701 | D:3      | Found a glowing silver altar of Zin.
  2884 | D:3      | Noticed Terence
  2896 | D:3      | Killed Terence
  3088 | D:3      | Noticed Grinder
  3099 | D:3      | Paralysed by Grinder for 3 turns
  3104 | D:3      | Paralysed by Grinder for 7 turns
  3123 | D:3      | Paralysed by Grinder for 2 turns
  3127 | D:3      | Paralysed by Grinder for 2 turns
  3609 | D:4      | Reached XP level 5. HP: 23/29 MP: 6/11
  3746 | D:4      | Found an iron altar of Okawaru.
  3758 | D:4      | Became a worshipper of Warmaster Okawaru
  3949 | D:4      | Reached XP level 6. HP: 20/35 MP: 7/12
  4072 | D:4      | Reached skill level 6 in Hexes
  4878 | D:5      | Entered Level 5 of the Dungeon
  4947 | D:5      | Reached * piety under Okawaru
  5024 | D:5      | Learned a level 4 spell: Cause Fear
  5028 | D:5      | Learned a level 3 spell: Portal Projectile
  5126 | D:5      | Reached XP level 7. HP: 28/40 MP: 11/14
  5560 | D:5      | Reached skill level 5 in Bows
  5560 | D:5      | Reached skill level 7 in Hexes
  5622 | D:5      | Noticed Blork the orc
  5646 | D:5      | Killed from afar by Blork the orc

Vault maps used:
D:1:      saegor_arrival_simple_e, minmay_pentomino_s2
D:2:      elyvilon_altar_5, nemelex_xobeh_ov_fountains_minmay,
          lemuel_blue_sif_altar
D:3:      zin_purify, first_bread, uniq_terence, uniq_grinder
D:4:      okawaru_trees_2
D:5:      corexii_checkpoint_a, uniq_blork_the_orc

Skill      XL: |  1  2  3  4  5  6  7 |
---------------+----------------------+-----
Fighting       | 1 2 |  2.4
Spellcasting   | 2 3 4 |  4.1
Bows           | 3 4 5 |  5.2
Hexes          | 5 6 7 |  7.0
Dodging        | 3 4 |  4.1

Action                   |  1- 3 |  4- 6 |  7- 9 || total
-------------------------+-------+-------+-------++-------
 Fire: Shortbow          |    62 |   231 |    50 ||   343
       Hunting sling     |    79 |    18 |       ||    97
       Blowgun           |       |    28 |       ||    28
 Cast: Corona            |    32 |    49 |     6 ||    87
       Slow              |     5 |    22 |     7 ||    34
Evoke: Wand              |       |       |     7 ||     7
  Use: Scroll            |     4 |     4 |       ||     8
       Potion            |       |     1 |       ||     1
  Eat: Chunk             |     3 |    12 |     1 ||    16
Armor: Robe              |    11 |    57 |     1 ||    69
Dodge: Dodged            |    37 |   118 |    15 ||   170
       Deflected         |       |     4 |     1 ||     5

Table legend:
 A = Spawn XP
 B = Non-spawn XP
 C = Spawn XP percentage of total XP
 D = Spawn monster count
 E = Non-spawn monster count
 F = Spawn count percentage of total count
 G = Total turns spent on level
                    A         B        C        D         E        F      G
               +---------+---------+-------+---------+---------+-------+---------
         Total |       0 |     979 |   0.0 |       0 |      96 |   0.0 |  5646
               +---------+---------+-------+---------+---------+-------+---------
           D:1 |       0 |      51 |   0.0 |       0 |      25 |   0.0 |  1132
           D:2 |       0 |      72 |   0.0 |       0 |      23 |   0.0 |  1484
           D:3 |       0 |      56 |   0.0 |       0 |      14 |   0.0 |   806
           D:4 |       0 |     409 |   0.0 |       0 |      19 |   0.0 |  1456
           D:5 |       0 |     391 |   0.0 |       0 |      15 |   0.0 |   768
               +---------+---------+-------+---------+---------+-------+---------
